 Dungeon Crawl Stone Soup version 0.27-a0-1186-g8b4daa1eef (webtiles) character file.

Game seed: 6567376602877358645

695 ZappyNine the Ducker (level 7, -2/49 HPs)
             Began as a Djinni Transmuter on May 19, 2021.
             Killed by miscasting Ice Form (14 damage)
             ... on level 7 of the Dungeon.
             The game lasted 00:10:15 (6823 turns).

ZappyNine the Ducker (Djinni Transmuter)            Turns: 6823, Time: 00:10:16

Health: -2/49      AC:  2    Str:  9    XL:     7   Next: 96%
Gold:   236        EV: 26    Int: 16    God:
                   SH:  0    Dex: 19

rFire    . . .     SeeInvis .     - Unarmed
rCold    . . .     Faith    .   (shield currently unavailable)
rNeg     . . .     Spirit   .   (armour currently unavailable)
rPois    ∞         Reflect  .   (helmet currently unavailable)
rElec    .         Harm     .   (cloak currently unavailable)
rCorr    .         Rampage  .   (gloves currently unavailable)
Will     .....                  (boots unavailable)
Stlth    ++........             (no amulet)
HPRegen  0.16/turn              f - +4 ring of evasion
MPRegen  0.00/turn              m - +4 ring of slaying

@: spider-form, flying, very slightly contaminated
A: venomous fangs, flying, sickness immunity, tiny, (fire resistance 2), (cold
vulnerability 1), float, innate caster, hp casting, extra vitality 1
a: End Transformation


You were on level 7 of the Dungeon.
You were a venomous arachnid creature.
You visited 1 branch of the dungeon, and saw 7 of its levels.

You collected 236 gold pieces.

Inventory:

Missiles
 q - a curare-tipped dart
Armour
 a - a +0 robe (melded)
 o - the +1 helmet of Impermeability (melded) {Contam *Corrode Str+9 SInv}
   (You found it on level 5 of the Dungeon)

   It affects your strength (+9).
   It lets you see invisible.
   It causes magical contamination when unequipped.
   It may corrode you when you take damage.
Jewellery
 e - a ring of positive energy
 f - a +4 ring of evasion (left front leg)
 m - a +4 ring of slaying (right front leg)
Wands
 r - a wand of iceblast (7)
Scrolls
 b - a scroll of noise
 d - a scroll of identify
Potions
 g - 2 potions of haste
 h - 2 potions of resistance
 i - a potion of curing
 j - a potion of might
 k - 2 potions of attraction


   Skills:
 - Level 2.7 Fighting
 + Level 4.8 Dodging
 - Level 4.3 Unarmed Combat
 - Level 4.5 Spellcasting


You couldn't memorise any spells.
You knew the following spells:

 Your Spells              Type           Power      Damage    Failure   Level
a - Beastly Appendage     Tmut           36%        N/A       10%         1
b - Wereblood             Tmut           18%        N/A       12%         2
c - Spider Form           Tmut/Pois      9%         N/A       21%         3
d - Ice Form              Ice/Tmut       18%        N/A       45%         4
e - Hydra Form            Tmut           9%         N/A       77%         5
f - Apportation           Tloc           36%        N/A       10%         1
g - Poisonous Vapours     Pois/Air       36%        N/A       12%         2
h - Dazzling Flash        Conj/Hex       36%        N/A       21%         3
Your spell library was empty.

Dungeon Overview and Level Annotations

Branches:
Dungeon (8/15)             Temple (0/1) D:7
   Lair: D:8-11

Altars:

Annotations:
D:3 2 transporters, PewDiePie's ghost, amateur MiBe


Innate Abilities, Weirdness & Mutations

You are a venomous arachnid creature.
You have poisonous fangs.
You are tiny and dextrous.
You are flying.
Your spellcasting is less reliable in this form.
Your armour is entirely melded.
You are incapable of wielding weapons or throwing items.
You are immune to sickness and miasma.
You are immune to poison.
((Your flesh is very heat resistant. (rF++)))
((You are vulnerable to cold. (rC-)))
You float through the air rather than walking.
You learn spells naturally, not from books.
Your magical power is your life essence.
You have superior vitality. (+4 HP)


Message History

You hit the orc.
The orc looks as sick as possible!
The orc is severely wounded.
You kill the orc!
Things that are here:
a +0 club; a +0 ring mail You hit the hornet zombie.
The hornet zombie is lightly damaged.
The hornet zombie completely misses you.
You hit the hornet zombie.
The hornet zombie is lightly damaged.
The hornet zombie hits you!
You hit the hornet zombie.
The hornet zombie is moderately damaged.
The hornet zombie barely misses you.
You hit the hornet zombie.
The hornet zombie is moderately damaged.
The hornet zombie hits you!
You bite the hornet zombie!
The hornet zombie is heavily damaged.
The hornet zombie hits you but does no damage.
You hit the hornet zombie.
The hornet zombie is heavily damaged.
The hornet zombie hits you!
The hornet zombie completely misses you.
Casting: Spider Form (dangerous; 21% risk of failure)
Confirm with . or Enter, or press ? or * to list all spells.
The spell is quite dangerous to cast (45% risk of failure)!
Continue anyway?
Okay, then.
You feel better. The hornet zombie misses you.
Casting: Ice Form (quite dangerous; 45% risk of failure)
Confirm with . or Enter, or press ? or * to list all spells.
The spell is quite dangerous to cast (45% risk of failure)!
Continue anyway?
You miscast Ice Form.
You are very lightly contaminated with residual magic.
Frost covers your body! The hornet zombie closely misses you.
Casting: Ice Form (quite dangerous; 45% risk of failure)
Confirm with . or Enter, or press ? or * to list all spells.
The spell is quite dangerous to cast (45% risk of failure)!
Continue anyway?
You miscast Ice Form.
Heat is drained from your body!
You die...

*,,,***********,,,,,,,,,,,,,,,,,,
,,,,,,,,,,,,,,..,,.....,,,,,,,,,,
,*************#'#*.#.#,,,,,,,,,,*
,* *,*,*#.##...,,,,,,,*****
,*********,*,*#.#..#,*,,,,,,*
,,,,,,,,,,..,*#.#..,,,,,,,,,*****
,*********,..*#...,,,+,,,,,,+,,,,
+** *,#.##.Z#****,,,,,,*****
,,**** *,#..#.s#,* *,,,,,,*
,,,,,*****,#..#).#,* **,,,,,*****
,,**,**,,,,#..#).#<* *,,>,,,,,,,
,,**,*,,,,,#.....#,* **,,,******
,,**,*,,,,,#.#...#,* *****
,,**,*,,,,,#,#...#,*
,,**,*,,,,,*,#...#,*
,,**,*****,*,#...#,*
+***,,,,,***,##..#,*


You could see a hornet zombie.

Vanquished Creatures
  A water moccasin (D:8)
  A phantom (D:4)
  A kobold brigand (D:8)
  A scorpion (D:4)
  A howler monkey (D:4)
  2 orc priests
  Natasha (thrice) (D:2)
  2 orc wizards
  3 gnolls
  5 adders
  An adder skeleton (D:4)
  A worm (D:2)
  4 dart slugs
  11 orcs
  2 bats (D:1)
  5 endoplasms
  A giant cockroach (D:1)
  5 goblins
  6 hobgoblins
  3 jackals (D:4)
  14 kobolds
  4 quokkas
  5 ball pythons
  6 frilled lizards
  3 rats
91 creatures vanquished.

Notes
Turn   | Place    | Note
-------+----------+-------------------------------------------
     0 | D:1      | ZappyNine the Djinni Transmuter began the quest for the
                  | Orb.
     0 | D:1      | Reached XP level 1. HP: 17/17 MP: 0/0
   336 | D:1      | Reached XP level 2. HP: 19/22 MP: 0/0
   894 | D:1      | Reached XP level 3. HP: 23/27 MP: 0/0
   894 | D:1      | Learned a level 1 spell: Apportation
  1142 | D:2      | Noticed Natasha
  1167 | D:2      | Killed Natasha
  1168 | D:2      | Reached XP level 4. HP: 12/32 MP: 0/0
  1463 | D:2      | Noticed Natasha
  1808 | D:2      | Killed Natasha
  1809 | D:2      | Reached XP level 5. HP: 10/37 MP: 0/0
  1809 | D:2      | Learned a level 2 spell: Poisonous Vapours
  2140 | D:2      | Noticed Natasha
  2163 | D:2      | Killed Natasha
  2711 | D:2      | Found a faded altar of an unknown god.
  3922 | D:3      | Found a transporter.
  3927 | D:3      | Reached XP level 6. HP: 37/42 MP: 0/0
  3957 | D:3      | Noticed an ogre
  3957 | D:3      | Noticed PewDiePie's ghost (amateur MiBe)
  4320 | D:3      | Found a transporter.
  4320 | D:3      | Noticed an ogre
  5091 | D:4      | Reached XP level 7. HP: 19/49 MP: 0/0
  5091 | D:4      | Learned a level 3 spell: Dazzling Flash
  5784 | D:5      | Entered Level 5 of the Dungeon
  5790 | D:5      | Identified the +1 helmet of Impermeability {Contam *Corrode
                  | Str+9 SInv}
  5935 | D:5      | You are sucked into a shaft and drop 3 floors!
  6396 | D:8      | Noticed a water moccasin
  6402 | D:8      | Killed a water moccasin
  6797 | D:8      | Noticed a two-headed ogre
  6823 | D:7      | Killed by miscasting Ice Form

Illustrated notes

Levels and vault maps discovered:
D:1:      onia_arrival_pyramid, layout_basic
D:2:      layout_rooms, ebering_ecumenical_altar_mist, mrwooster_statue_mirror,
          uniq_natasha
D:3:      layout_basic, gammafunk_ghost_smash
D:4:      layout_rooms
D:5:      layout_gridville, nicolae_overflow_hidden_temple
D:7:      layout_basic, minmay_temple_entry_butterflies, enter_bailey_2,
          serial_co_window_serial, co_window_paths_a,
          co_window_of_opportunity_a, co_window_corner_a, co_window_paths_b,
          co_window_of_opportunity_a, co_window_corner_a, co_window_corner_a,
          co_window_corner_ca, co_window_unsneaky_path_e, co_window_broadway_a,
          co_window_corner_ca, co_window_of_opportunity_b, glass_columns_a,
          glass_columns_a, sigmund_army
D:8:      layout_cave_pools

Skill      XL: |  1  2  3  4  5  6  7 |
---------------+----------------------+-----
Spellcasting   | 2 3 4 |  4.5
Fighting       | 2 |  2.7
Unarmed Combat | 4 |  4.3
Dodging        | 4 |  4.8

Action                   |  1- 3 |  4- 6 |  7- 9 || total
-------------------------+-------+-------+-------++-------
Melee: Unarmed           |    65 |   127 |    49 ||   241
       Headbutt          |     5 |       |       ||     5
       Punch             |     2 |       |       ||     2
 Cast: Beastly Appendage |     6 |     1 |       ||     7
       Wereblood         |     3 |     5 |     4 ||    12
       Spider Form       |     2 |    11 |     9 ||    22
       Poisonous Vapours |       |    35 |    11 ||    46
       Hydra Form        |       |     1 |       ||     1
       Ice Form          |       |       |     1 ||     1
       Dazzling Flash    |       |       |     1 ||     1
  Use: Scroll            |       |       |    10 ||    10
       Potion            |       |       |     1 ||     1
 Stab: Invisible         |       |       |     2 ||     2
Armor: Robe              |     4 |    14 |     1 ||    19
       Skin              |     1 |     7 |     4 ||    12
Dodge: Dodged            |    37 |   176 |    39 ||   252

Table legend: (Time is in decaauts)
 A = Elapsed time spent in this place.
 B = Non-inter-level travel time spent in this place.
 C = Inter-level travel time spent in this place.
 D = Time resting spent in this place.
 E = Time spent auto-exploring this place.
 F = Levels seen in this place.
 G = Mean time per level.
                   A        B        C        D        E       F      G
               +--------+--------+--------+--------+--------+-----+--------+
         Total |   6808 |   6672 |    136 |   2618 |   3101 |   7 |  972.6 |
       Dungeon |   6808 |   6672 |    136 |   2618 |   3101 |   7 |  972.6 |
               +--------+--------+--------+--------+--------+-----+--------+

Top non-repeatable levels by time:
     D:1: 1758 daAuts
     D:3: 1498 daAuts
     D:2: 1332 daAuts
     D:4: 1184 daAuts
     D:8: 863 daAuts
     D:5: 149 daAuts
     D:7: 21 daAuts
